 Dungeon Crawl Stone Soup version 0.22.1-6-g1668fe2c40 (webtiles) character file.

12715 Peloso the Carver (level 11, -5/97 HPs)
             Began as a Minotaur Fighter on Jan 22, 2019.
             Was a High Priest of Okawaru.
             Slain by Rupert
             ... wielding a +4 great mace of crushing
              (17 damage)
             ... on level 12 of the Dungeon.
             The game lasted 00:28:49 (11086 turns).

Peloso the Carver (Minotaur Fighter)               Turns: 11086, Time: 00:28:49

Health: -5/97      AC: 21    Str: 22    XL:     11   Next: 66%
Magic:  8/10       EV: 12    Int:  5    God:    Okawaru [*****.]
Gold:   233        SH: 14    Dex: 12    Spells: 10/10 levels left

rFire    + . .     SeeInvis .   a - +4 scimitar
rCold    + . .     Gourm    .   c - +0 shield
rNeg     . . .     Faith    +   N - +1 chain mail {rF+}
rPois    .         Spirit   .   W - +2 hat {MR+}
rElec    +         Reflect  .   (no cloak)
rCorr    .         Harm     .   g - +0 pair of gloves
MR       +++..                  X - +2 pair of boots "Nijic" {rElec MR++}
Stlth    ..........             A - amulet of faith
HPRegen  0.26/turn              E - ring of ice
MPRegen  0.12/turn              w - ring of protection from fire

@: heroism
A: retaliatory headbutt, horns 2
a: Heroism, Finesse, Renounce Religion


You were on level 12 of the Dungeon.
You worshipped Okawaru.
Okawaru was extremely pleased with you.
You were not hungry.

You visited 2 branches of the dungeon, and saw 13 of its levels.
You also visited: Ossuary.

You collected 518 gold pieces.
You spent 285 gold pieces at shops.

Inventory:

Hand Weapons
 a - a +4 scimitar (weapon)
Armour
 b - a +0 scale mail
 c - a +0 shield (worn)
 g - a +0 pair of gloves (worn)
 s - a +0 plate armour
 z - a +2 pair of boots
 N - a +1 chain mail of fire resistance (worn)
 R - a +1 pair of boots of flying
 W - a +2 hat of magic resistance (worn)
 X - the +2 pair of boots "Nijic" (worn) {rElec MR++}
   (Okawaru gifted it to you on level 12 of the Dungeon)

   It insulates you from electricity.
   It affects your resistance to hostile enchantments.
Jewellery
 o - an uncursed ring of positive energy
 u - an uncursed ring of ice
 v - a +3 amulet of reflection
 w - a ring of protection from fire (right hand)
 y - an uncursed ring of protection from fire
 A - an amulet of faith (around neck)
 E - a ring of ice (left hand)
 T - an uncursed ring of stealth {unknown}
 U - an uncursed amulet of guardian spirit {unknown}
Wands
 d - a wand of clouds (7)
 K - a wand of flame (45)
 Q - a wand of enslavement (19)
 V - a wand of iceblast (15)
Scrolls
 h - 2 scrolls of magic mapping
 j - 9 scrolls of remove curse
 l - 4 scrolls of teleportation
 m - 5 scrolls of amnesia {unknown}
 r - 2 scrolls of immolation {unknown}
 t - a scroll of fear {unknown}
 B - 4 scrolls of blinking {unknown}
 G - 2 scrolls of enchant armour
 J - a scroll of noise
 L - 2 scrolls of fog
 M - 2 scrolls of identify
 O - a scroll of torment {unknown}
 P - a scroll of brand weapon {unknown}
 S - 2 scrolls of enchant weapon {unknown}
Potions
 e - a potion of magic {unknown}
 i - 3 potions of brilliance
 k - 8 potions of curing
 n - a potion of resistance
 p - a potion of berserk rage
 q - 4 potions of agility
 x - 3 potions of mutation
 C - 2 potions of flight
 D - a potion of might
 F - a potion of ambrosia
 H - 4 potions of haste
Comestibles
 f - 17 rations
 I - 7 chunks of flesh


   Skills:
 + Level 9.5(14.5) Fighting
 + Level 14.0(19.0) Long Blades
 + Level 10.3(15.3) Armour
 + Level 2.5(7.5) Dodging
 + Level 1.1(6.1) Stealth
 + Level 11.1(16.1) Shields
 + Level 0.9 Invocations


You had 10 spell levels left.
You didn't know any spells.
Your spell library contained the following spells:

 Spells                   Type           Power        Failure   Level  Hunger
 Magic Dart               Conj           #...         94%         1    ##.....
 Searing Ray              Conj           #.....       98%         2    ###....
 Dazzling Spray           Conj/Hex       #.....       100%        3    ####...
 Force Lance              Conj/Tloc      #.......     100%        4    #####..
 Fulminant Prism          Conj/Hex       #.........   100%        4    #####..
 Iskenderun's Mystic Bla  Conj           #.......     100%        4    #####..


Dungeon Overview and Level Annotations

Branches:
Dungeon (12/15)            Temple (1/1) D:4             Orc (0/2) D:9
   Lair: D:8-11

Altars:
Ashenzari
Cheibriados
Dithmenos
Elyvilon
Fedhas
Gozag
Kikubaaqudgha
Makhleb
Okawaru
Qazlal
Ru
Sif Muna
Trog
Uskayaw
Wu Jian
Xom
Yredelemnul
Zin
The Shining One

Shops:
D:7 =!?*   D:8 [

Annotations:
D:12 Rupert


Innate Abilities, Weirdness & Mutations

You reflexively headbutt those who attack you in melee.
You have a pair of horns on your head.


Message History

Rupert is lightly wounded.
Rupert hits you with a great mace of crushing!!
You slash Rupert!
Rupert is lightly wounded.
Rupert hits you with a great mace of crushing!!
You slice Rupert!! Your headbutt misses Rupert.
Rupert is moderately wounded.
You block Rupert's attack.
You gain the combat prowess of a mighty hero.
Rupert hits you with a great mace of crushing.
You completely miss Rupert. You headbutt Rupert!
Rupert is moderately wounded.
You barely miss Rupert. Your headbutt misses Rupert.
Rupert is moderately wounded.
Rupert hits you with a great mace of crushing!!
* * * LOW HITPOINT WARNING * * *
x2 You completely miss Rupert.
Rupert is moderately wounded.
Rupert hits you with a great mace of crushing!
You die...

##.# #)..# .# ...#
#)..# #.# ####
#...######.F. #
#####...##.....#
#####...........#..#
.....>....(..(@....#
.####.........)(##...
.# #####...##.####.#
.# #...##F@@.?.# .#
#...######### .#
#...# .# ##.## ## # #
#


You could see Rupert (berserk) and a bullfrog.

Vanquished Creatures
  Gastronok (D:11)
  A centaur warrior (D:11)
  A two-headed ogre (D:11)
  Nergalle (D:10)
  2 ugly things
  Joseph (D:7)
  2 trolls
  Prince Ribbit (D:5)
  Grinder (D:5)
  3 yaks (D:11)
  2 wyverns
  Edmund (D:6)
  A hungry ghost (D:11)
  A soldier ant (D:10)
  A black bear (D:12)
  An eye of draining (D:9)
  2 orc warriors (D:9)
  4 sky beasts
  2 necrophages (D:9)
  A phantom (D:5)
  An ice beast (D:8)
  2 ogres
  5 centaurs
  2 crocodiles (D:11)
  3 big kobolds
  4 bullfrogs
  A water moccasin zombie (D:3)
  A wyvern skeleton (D:6)
  6 scorpions
  9 killer bees
  3 wights (D:11)
  4 howler monkeys
  2 centaur zombies (Ossuary)
  4 crimson imps
  6 bullfrog zombies
  6 hounds
  A quasit (D:9)
  2 jellies
  3 bullfrog skeletons
  11 orc priests
  3 centaur skeletons
  Jessica (D:3)
  8 iguanas
  Natasha (twice) (D:4)
  11 orc wizards
  7 worker ants
  2 hound zombies
  14 mummies (Ossuary)
  4 worker ant zombies
  A howler monkey zombie (Ossuary)
  13 adders
  2 shadow imps
  4 oozes
  2 adder zombies
  2 adder skeletons
  6 worms
  4 dart slugs
  6 leopard geckos
  74 orcs
  8 giant cockroaches
  7 goblins
  9 hobgoblins
  7 jackals
  2 quokkas (D:4)
  2 ball pythons
  14 bats
  10 frilled lizards
  A giant cockroach zombie (Ossuary)
  A jackal skeleton (D:5)
  2 jackal zombies
  18 kobolds
  2 leopard gecko skeletons
  A leopard gecko zombie (Ossuary)
  4 quokka zombies
  10 rats
370 creatures vanquished.

Vanquished Creatures (others)
  11 plants (D:10)
  A withered plant (Ossuary)
12 creatures vanquished.

Grand Total: 382 creatures vanquished

Notes
Turn   | Place    | Note
-------+----------+-------------------------------------------
     0 | D:1      | Peloso the Minotaur Fighter began the quest for the Orb.
     0 | D:1      | Reached XP level 1. HP: 19/19 MP: 0/0
    88 | D:1      | Reached XP level 2. HP: 24/27 MP: 1/1
   263 | D:1      | Reached XP level 3. HP: 26/33 MP: 2/2
   559 | D:2      | Reached skill level 3 in Long Blades
   634 | D:2      | Reached XP level 4. HP: 32/40 MP: 3/3
  1207 | D:3      | Noticed Jessica
  1224 | D:3      | Reached skill level 4 in Long Blades
  1224 | D:3      | Reached XP level 5. HP: 47/47 MP: 4/4
  1241 | D:3      | Killed Jessica
  1263 | D:3      | Reached skill level 5 in Shields
  1387 | D:3      | Found a glowing golden altar of the Shining One.
  1435 | D:3      | Found a basalt altar of Yredelemnul.
  1485 | D:3      | Reached skill level 5 in Armour
  1507 | D:3      | You fall through a shaft!
  1548 | D:4      | Reached skill level 1 in Dodging
  1548 | D:4      | Reached XP level 6. HP: 41/53 MP: 5/5
  2032 | D:4      | Reached skill level 5 in Long Blades
  2145 | D:4      | Found a white marble altar of Elyvilon.
  2231 | D:4      | Reached XP level 7. HP: 50/60 MP: 6/6
  2251 | D:3      | Reached skill level 5 in Fighting
  2642 | D:3      | Found Zin's Purification Station.
  2645 | D:3      | Found a glowing silver altar of Zin.
  2654 | D:3      | Bought a potion of curing for 90 gold pieces
  2842 | D:4      | Noticed Natasha
  2846 | D:4      | Killed Natasha
  2916 | D:4      | Found a staircase to the Ecumenical Temple.
  2929 | Temple   | Entered the Ecumenical Temple
  2956 | Temple   | Became a worshipper of Warmaster Okawaru
  3235 | D:4      | Reached skill level 6 in Long Blades
  3251 | D:4      | Found a stormy altar of Qazlal.
  3330 | D:4      | Noticed Natasha
  3335 | D:4      | Killed Natasha
  3606 | D:5      | Entered Level 5 of the Dungeon
  3608 | D:5      | Noticed Prince Ribbit
  3609 | D:5      | Noticed Grinder
  3615 | D:5      | Killed Prince Ribbit
  3615 | D:5      | Reached * piety under Okawaru
  3623 | D:5      | Killed Grinder
  3623 | D:5      | Reached skill level 7 in Long Blades
  3623 | D:5      | Reached XP level 8. HP: 61/70 MP: 7/7
  3699 | D:5      | Reached skill level 8 in Long Blades
  3711 | D:5      | Reached ** piety under Okawaru
  3760 | D:5      | Found a sand-covered staircase.
  3778 | Ossuary  | Entered an ossuary
  3981 | Ossuary  | Reached skill level 9 in Long Blades
  3981 | Ossuary  | Reached XP level 9. HP: 78/78 MP: 8/8
  4332 | D:5      | Found a blossoming altar of Fedhas.
  4401 | D:5      | Found a shattered altar of Ashenzari.
  4465 | D:5      | Found a hide-covered altar of Uskayaw.
  4499 | D:5      | Found a burning altar of Makhleb.
  4499 | D:5      | Noticed a green death
  4595 | D:5      | Found an opulent altar of Gozag.
  4616 | D:6      | Reached *** piety under Okawaru
  4670 | D:6      | Found a stormy altar of Qazlal.
  4675 | D:6      | Noticed Edmund
  4689 | D:6      | Killed Edmund
  4763 | D:6      | Reached skill level 10 in Long Blades
  5283 | D:7      | Found Kuepnih's Jewellery Shop.
  5374 | D:7      | Found Unom's General Store.
  5383 | D:7      | Bought a scroll of noise for 15 gold pieces
  5471 | D:7      | Found a deep blue altar of Sif Muna.
  5509 | D:7      | Found Vopaihynk's Magic Scroll Shoppe.
  5513 | D:7      | Bought a scroll of fog for 24 gold pieces
  5513 | D:7      | Bought a scroll of enchant armour for 90 gold pieces
  5513 | D:7      | Bought a scroll of magic mapping for 42 gold pieces
  5513 | D:7      | Bought a scroll of identify for 24 gold pieces
  5634 | D:7      | Found Juelum's Distillery.
  5978 | D:7      | Noticed Joseph
  5994 | D:7      | Killed Joseph
  5994 | D:7      | Reached **** piety under Okawaru
  6216 | D:8      | Reached skill level 11 in Long Blades
  6350 | D:8      | You fall through a shaft for 3 floors!
  6359 | D:10     | Entered Level 10 of the Dungeon
  6765 | D:10     | Noticed Nergalle
  6784 | D:10     | Killed Nergalle
  6784 | D:10     | Received a gift from Okawaru
  6784 | D:10     | Reached ***** piety under Okawaru
  6784 | D:10     | Reached XP level 10. HP: 57/88 MP: 9/9
  6801 | D:10     | Noticed a four-headed hydra
  7612 | D:9      | Found a staircase to the Orcish Mines.
  7632 | D:9      | Reached skill level 1 in Stealth
  7924 | D:9      | Reached skill level 10 in Shields
  8434 | D:8      | Reached skill level 12 in Long Blades
  8563 | D:8      | Received a gift from Okawaru
  8703 | D:8      | Found Paputwalo's Antique Armour Shoppe.
  9383 | D:11     | Noticed a centaur warrior
  9405 | D:11     | Killed a centaur warrior
  9685 | D:11     | Reached XP level 11. HP: 81/94 MP: 10/10
  9790 | D:11     | Noticed a purple ugly thing
  9818 | D:11     | Killed a purple ugly thing
  9818 | D:11     | Reached skill level 13 in Long Blades
 10200 | D:11     | Noticed Gastronok
 10249 | D:11     | HP: 2/95 [Gastronok (5)]
 10251 | D:11     | Killed Gastronok
 10251 | D:11     | Reached skill level 10 in Armour
 10663 | D:11     | Noticed a two-headed ogre
 10669 | D:11     | Killed a two-headed ogre
 10880 | D:12     | Noticed a green ugly thing
 10901 | D:12     | Killed a green ugly thing
 10901 | D:12     | Reached skill level 14 in Long Blades
 10904 | D:12     | Received a gift from Okawaru
 10934 | D:12     | Got a pair of smoking boots {god gift}
 10945 | D:12     | Identified the +2 pair of boots "Nijic" {rElec MR++}
                  | (Okawaru gifted it to you on level 12 of the Dungeon)
 11070 | D:12     | Noticed Rupert
 11086 | D:12     | Slain by Rupert

Skill      XL: |  1  2  3  4  5  6  7  8  9 10 11 |
---------------+----------------------------------+-----
Fighting       | 4 5 6 7 8 9 |  9.5
Shields        | 4 5 6 8 9 10 11 | 11.1
Armour         | 4 5 6 8 9 10 | 10.3
Long Blades    | 3 4 5 7 9 11 12 14 | 14.0
Dodging        | 1 2 |  2.5
Stealth        | 1 |  1.1
Invocations    | |  0.9

Action                   |  1- 3 |  4- 6 |  7- 9 | 10-12 || total
-------------------------+-------+-------+-------+-------++-------
Melee: Long sword        |    99 |   187 |   465 |    91 ||   842
       Headbutt          |    14 |    43 |   104 |   118 ||   279
       Falchion          |       |       |       |   300 ||   300
       Scimitar          |       |       |       |   111 ||   111
Invok: Heroism           |       |       |       |     8 ||     8
  Use: Scroll            |       |     4 |     8 |     3 ||    15
       Potion            |       |       |     3 |     1 ||     4
  Eat: Chunk             |       |     5 |    14 |    13 ||    32
       Ration            |       |       |       |     1 ||     1
Armor: Scale mail        |    53 |    56 |       |       ||   109
       Chain mail        |       |    38 |     5 |    97 ||   140
       Plate armour      |       |       |   201 |    38 ||   239
Dodge: Dodged            |    38 |    56 |    72 |    89 ||   255
Block: Shield            |    72 |   104 |   238 |   257 ||   671
       Rpst.: Long sword |     9 |    18 |    19 |     9 ||    55
       Falchion          |       |       |       |    13 ||    13
       Scimitar          |       |       |       |     3 ||     3
